 Dungeon Crawl Stone Soup version 0.28.0 (webtiles) character file.

Game seed: 15049992071883504301

79 Morbidden the Conjurer (level 3, -5/26 HPs)
             Began as a Demigod Conjurer on Feb 10, 2022.
             Slain by Crazy Yiuf (14 damage)
             ... on level 2 of the Dungeon.
             The game lasted 00:02:01 (2334 turns).

Morbidden the Conjurer (Demigod Conjurer)           Turns: 2334, Time: 00:02:02

Health: -5/26      AC:  2    Str: 13    XL:     3   Next: 97%
Magic:  9/9        EV: 12    Int: 24    God:
Gold:   50         SH:  0    Dex: 12    Spells: 3/6 levels left

rFire   . . .      SeeInvis .   g - +5 spear of Dismay {venom, rPois rN+ Str+5}
rCold   . . .      Faith    .   (no shield)
rNeg    + . .      Spirit   .   a - +0 robe
rPois   +          Reflect  .   (no helmet)
rElec   .          Harm     .   (no cloak)
rCorr   .          Rampage  .   (no gloves)
Will    .....                   (no boots)
Stlth   ++........              (no amulet)
HPRegen 0.08/turn               (no ring)
MPRegen 0.11/turn               (no ring)

@: no status effects
A: high MP 1, forlorn, divine attributes
a: no special abilities


You were on level 2 of the Dungeon.
You visited 1 branch of the dungeon, and saw 2 of its levels.

You collected 50 gold pieces.

Inventory:

Hand Weapons
 g - the +5 spear of Dismay (weapon) {venom, rPois rN+ Str+5}
   (You found it on level 2 of the Dungeon)

   It poisons the flesh of those it strikes.
   Str:       It affects your strength (+5).
   rPois:     It protects you from poison.
   rN:        It protects you from negative energy.
Armour
 a - a +0 robe (worn)
Wands
 h - a wand of flame (9)
Scrolls
 b - a scroll of blinking {unknown}
Potions
 c - a potion of resistance {unknown}
 d - a potion of ambrosia {unknown}
 e - 3 potions of haste {unknown}
 f - a potion of degeneration {unknown}


   Skills:
 * Level 0.2 Fighting
 + Level 1.9 Dodging
 + Level 1.9 Stealth
 * Level 2.3 Spellcasting
 * Level 4.7 Conjurations


You had 3 spell levels left.
You knew the following spells:

 Your Spells              Type           Power      Damage    Failure   Level
a - Magic Dart            Conj           100%       1d8       1%          1
b - Searing Ray           Conj           50%        2d6       2%          2

Your spell library contained the following spells:

 Spells                   Type           Power      Damage    Failure   Level
 Dazzling Flash           Conj/Hex       28%        N/A       13%         3
 Ensorcelled Hibernation  Hex/Ice        4%         N/A       17%         2
 Passwall                 Tmut/Erth      1%         N/A       17%         2
 Swiftness                Air            2%         N/A       34%         3
 Fulminant Prism          Conj/Hex       7%         3d7       41%         4
 Iskenderun's Mystic Bla  Conj/Tloc      14%        2d5       41%         4


Dungeon Overview and Level Annotations

Branches:
Dungeon (2/15)

Shops:
D:1 [

Annotations:
D:2 Crazy Yiuf


Innate Abilities, Weirdness & Mutations

You have an increased reservoir of magic. (+10% MP)
You shall have no god before yourself.
Your divine heritage dramatically boosts your attributes as you level up.


Message History

g - the +5 spear of Dismay (weapon)
{venom, rPois rN+ Str+5} The frilled lizard bites you.
Unknown command.
You barely miss the frilled lizard. Your punch misses the frilled lizard.
The frilled lizard barely misses you.
You hit the frilled lizard.
You kill the frilled lizard!
No target in view!
No target in view!
No target in view!
HP restored.
h - a wand of flame (9)
Things that are here:
a +0 hand axe; a +0 scale mail; the human corpse of Terence
Found a hunting sling.
You see here a +0 dagger.
There is an escape hatch in the floor here.
Crazy Yiuf shouts!
Could not explore, unopened runed door.
Could not explore, unopened runed door.
Press: ? - help, v - describe, . - travel
Here: Crazy Yiuf, wielding a +3 quarterstaff of chaos and wearing a +0 cloak (fire blocked by a runed translucent door)
The floor.
Unknown command.
Unknown command.
Unknown command.
You open the door. You hit Crazy Yiuf.
Crazy Yiuf is poisoned.
Crazy Yiuf is moderately wounded.
Crazy Yiuf closely misses you.
Unknown command.
You hit Crazy Yiuf.
Crazy Yiuf is heavily wounded.
Crazy Yiuf hits you with a +3 quarterstaff of chaos!
Ouch! That really hurt!
Crazy Yiuf freezes you.
Unknown command.
Crazy Yiuf hits you with a +3 quarterstaff of chaos!
Ouch! That really hurt!
You die...

########## #..)#
#.##....... #...#
#.......... ... ###..><....
#'# #.......... ♣♣.♣
#........). ♣.♣♣
###........ ####### ♣♣.♣
##....... #.....# ♣g♣♣
####..#.... #.....# ♣♣@♣♣
#.......### #.....# ♣...♣♣
######.###. #...†.# ♣....♣
######..... #.....# ##..##
#..........
#...>.###....#####.....###.
#.......##.....###.#######.
#..................# #.....
#...........#.#..#####.####
########.......÷..)....####


You could see Crazy Yiuf (very poisoned).

Vanquished Creatures
  Terence (D:2)
  A dart slug (D:1)
  4 ball pythons
  3 endoplasms (D:1)
  6 giant cockroaches (D:1)
  4 goblins
  6 hobgoblins (D:1)
  4 jackals
  4 kobolds
  A quokka (D:2)
  4 bats
  5 frilled lizards
  3 rats
46 creatures vanquished.

Notes
Turn   | Place    | Note
-------+----------+-------------------------------------------
     0 | D:1      | Morbidden the Demigod Conjurer began the quest for the Orb.
     0 | D:1      | Reached XP level 1. HP: 14/14 MP: 5/5
   269 | D:1      | Reached skill level 4 in Conjurations
   302 | D:1      | Reached XP level 2. HP: 20/20 MP: 0/7
   950 | D:1      | Found Xymmiw's Armour Boutique.
  1165 | D:1      | Reached XP level 3. HP: 26/26 MP: 3/8
  2007 | D:2      | Found a runed translucent door.
  2008 | D:2      | Noticed Crazy Yiuf
  2184 | D:2      | Noticed Terence
  2189 | D:2      | Learned a level 2 spell: Searing Ray
  2191 | D:2      | Killed Terence
  2201 | D:2      | Identified the +5 spear of Dismay {venom, rPois rN+ Str+5}
  2334 | D:2      | Slain by Crazy Yiuf

Illustrated notes

Levels and vault maps discovered:
D:1:      sevenhm_arrival_forest_fort_small_3, layout_basic, serial_shops,
          nicolae_diamond_shop, basic_ecumenical_altar
D:2:      layout_rooms, uniq_crazy_yiuf_cottage, uniq_terence

Skill      XL: |  1  2 |
---------------+-------+-----
Conjurations   | 4 |  4.7
Spellcasting   | 2 |  2.3
Fighting       | |  0.2
Dodging        | |  1.9
Stealth        | |  1.9

Action                   || total
-------------------------++-------
Melee: Unarmed           ||    12
       Spear             ||     4
 Cast: Magic Dart        ||    88
       Searing Ray       ||     2
Armor: Robe              ||    13
Dodge: Dodged            ||    62
